 Dungeon Crawl Stone Soup version 0.30-b1-2-g02819fbbbe (webtiles) character file.

Game seed: 9661984782169392657

291 Alarkh the Insei (level 6, 43/43 (44) HPs)
             Began as a Demonspawn Warper on May 28, 2023.
             Got out of the dungeon alive.
             The game lasted 00:02:10 (1909 turns).

Alarkh the Insei (Demonspawn Warper)                Turns: 1909, Time: 00:02:10

HP:   43/43 (44)    AC:  7    Str: 11    XL:     6   Next: 10%
MP:   9/9           EV: 15    Int: 16    God:
Gold: 56            SH:  0    Dex: 13    Spells: 9/9 levels left

rFire   . .          .
                       - Unarmed
rCold   + . .        (no shield)
rNeg    . . .        d - +1 ring mail {rC+}
rPois   .            (no helmet)
rElec   .            e - +0 cloak
rCorr   .            (no gloves)
SInv    .            (no boots)
Will    .....        (no amulet)
Stlth   +            k - +5 ring of evasion
HPRegen 0.27/turn    (no ring)
MPRegen 0.11/turn

%: random rage (3%)
@: lightly drained
A: demonic guardian 2, demonic magic 1, hooves 1, berserk 1, MP-powered wands
a: no special abilities


You escaped.
You visited 1 branch of the dungeon, and saw 3 of its levels.

You collected 56 gold pieces.

Inventory:

Hand Weapons
 n - a +0 sling
Missiles
 c - 7 boomerangs of dispersal (quivered)
 f - a throwing net
Armour
 a - a +0 leather armour
 d - a +1 ring mail of cold resistance (worn)
 e - a +0 cloak (worn)
Jewellery
 k - a +5 ring of evasion (left hand)
Scrolls
 b - a scroll of blinking
 g - a scroll of vulnerability {unknown}
 i - 2 scrolls of identify {unknown}
 j - a scroll of fear {unknown}
Potions
 h - a potion of curing
 m - a potion of heal wounds
 o - a potion of lignification {unknown}
 p - a potion of resistance {unknown}


   Skills:
 - Level 2.0 Fighting
 - Level 0.8 Throwing
 - Level 0.8 Armour
 - Level 1.7 Dodging
 + Level 5.9 Unarmed Combat
 - Level 2.0 Spellcasting
 - Level 2.6 Translocations


You had 9 spell levels left.
You didn't know any spells.
Your spell library contained the following spells:

 Spells                   Type           Power      Damage    Failure   Level
 Blink                    Tloc           20%        N/A       26%         2
 Lesser Beckoning         Tloc           20%        N/A       26%         2
 Teleport Other           Tloc           10%        N/A       45%         3
 Portal Projectile        Hex/Tloc       10%        N/A       65%         3
 Vhi's Electric Charge    Tloc/Air       10%        N/A       65%         3
 Call Canine Familiar     Summ           1%         N/A       83%         3
 Manifold Assault         Tloc           10%        N/A       86%         4
 Leda's Liquefaction      Hex/Erth       0%         N/A       99%         4
 Borgnjor's Revivificati  Necr           0%         N/A       100%        8
 Necromutation            Tmut/Necr      0%         N/A       100%        8
 Death's Door             Necr           0%         N/A       100%        9


Dungeon Overview and Level Annotations

Branches:
Dungeon (3/15)

Altars:

Annotations:
D:3 1 runed translucent door, Crazy Yiuf


Innate Abilities, Weirdness & Mutations

A demonic guardian rushes to your aid.
Spells you cast may paralyse adjacent enemies.
You have large cloven feet.
You sometimes lose your temper in combat.
You expend magic power (3 MP) to strengthen your wands.


Message History

Terence is moderately wounded.
You punch Terence!
You kill Terence!
You have reached level 6!
Your demonic ancestry asserts itself...
A menacing aura infuses your magic.
You hit the rat.
You kill the rat!
No target in view!
Calm down first, please.
Calm down first, please.
No target in view!
Calm down first, please.
Things that are here:
a +0 flail of draining; a +0 chain mail; a rat corpse
Found a scroll labelled EMEOCU QAYH.
You feel a strong urge to attack something.
Found a stone staircase leading down.
You feel your anger nearly subside.
i - 2 scrolls labelled EMEOCU QAYH (gained 1)
You are no longer berserk.
You are exhausted.
You feel yourself slow down.
Things that are here:
a +0 flail of draining; a +0 chain mail; a rat corpse You see here a hobgoblin corpse.
You see here a +0 dagger.
You feel yourself speed up.
Things that are here:
a +0 flail; a +0 leather armour; an orc skeleton
There is a stone staircase leading up here.
You climb upwards.
There is a stone staircase leading down here.
You recover from your berserk rage.
There is a stone staircase leading up here.
You climb upwards.
There is a stone staircase leading down here.
There is a staircase leading out of the dungeon here.
Are you sure you want to leave the Dungeon?
This will make you lose the game!
You have escaped! #.......##PPPPPPPPPPPPPPP# ##.......##PPPPPPPPPPPPPPP#

#........##PPPPP.....PPPPP#
#..........PPP..PPPPP..PPP###
#..........PP.PPP...PPP.PP...
####..........PP.PP.PPP.PP.PP...
#....(..####..P.PP.PP.PP.P..P...
#.##.##.# #..P.P.PP.P.PP.P.P#.#
#.##.##.# ###P@P.P.PPP.P.P....#
#.##.##.# #P.P.PP.P.PP.P[.##.
#.##[##.######P.PP.PP.PP.PP.P##.
#.##.##........P.PP.PPP.PP.PP##.
#.......#####.PP.PPP...PPP.PP...
####.......##.PPP..PPPPP..PPP##.
####.......PPPPP.....PPPPP##.


#.##.##.PPPPPPPPPPPPPPP##. #.......PPPPPPPPPPPPPPP.## There were no monsters in
sight!

Vanquished Creatures
  Grinder (D:3)
  Terence (D:3)
  4 adders
  A worm (D:2)
  An orc (D:3)
  2 ball pythons
  3 bats
  3 endoplasms (D:2)
  2 giant cockroaches (D:1)
  2 goblins
  6 hobgoblins
  2 kobolds (D:2)
  2 frilled lizards
  3 rats
33 creatures vanquished.

Vanquished Creatures (collateral kills)
  A bat (D:2)
1 creature vanquished.

Vanquished Creatures (others)
  A fungus (D:3)
  3 plants (D:1)
4 creatures vanquished.

Grand Total: 38 creatures vanquished

Notes
Turn   | Place    | Note
-------+----------+-------------------------------------------
     0 | D:1      | Alarkh the Demonspawn Warper began the quest for the Orb.
     0 | D:1      | Reached XP level 1. HP: 16/16 MP: 3/3
    97 | D:1      | Reached skill level 2 in Unarmed Combat
   236 | D:1      | Gained mutation: A weak demonic guardian rushes to your
                  | aid. [demonic ancestry]
   236 | D:1      | Reached XP level 2. HP: 22/22 MP: 5/5
   641 | D:1      | Found a faded altar of an unknown god.
   939 | D:2      | Reached skill level 3 in Unarmed Combat
   997 | D:2      | Reached XP level 3. HP: 15/27 MP: 6/6
  1574 | D:3      | Reached XP level 4. HP: 31/33 MP: 7/7
  1609 | D:3      | Reached skill level 4 in Unarmed Combat
  1648 | D:3      | Found a runed translucent door.
  1648 | D:3      | Noticed Grinder
  1652 | D:3      | Gained mutation: You expend magic power (3 MP) to
                  | strengthen your wands. [potion of mutation]
  1652 | D:3      | Gained mutation: You sometimes lose your temper in combat.
                  | [potion of mutation]
  1652 | D:3      | Gained mutation: You have large cloven feet. [potion of
                  | mutation]
  1652 | D:3      | Paralysed by Grinder for 5 turns
  1661 | D:3      | Paralysed by Grinder for 2 turns
  1668 | D:3      | Killed Grinder
  1669 | D:3      | Reached skill level 5 in Unarmed Combat
  1669 | D:3      | Gained mutation: A demonic guardian rushes to your aid.
                  | [demonic ancestry]
  1669 | D:3      | Reached XP level 5. HP: 13/38 MP: 8/8
  1733 | D:3      | Noticed Crazy Yiuf
  1805 | D:3      | Noticed Terence
  1816 | D:3      | Killed Terence
  1817 | D:3      | Gained mutation: Spells you cast may paralyse adjacent
                  | enemies. [demonic ancestry]
  1817 | D:3      | Reached XP level 6. HP: 43/43 MP: 9/9
  1909 | D:$      | Got out of the dungeon alive.

Illustrated notes

Levels and vault maps discovered:
D:1:      roderic_crop_circles_arrival_small, layout_loops_cross,
          dreamdust_ecumenical_altar_hidden_monk_grotto, st_stairs_4
D:2:      layout_basic
D:3:      layout_basic, marbit_many_paths, elyvilon_altar_4,
          gammafunk_ghost_necromancy, uniq_terence, uniq_crazy_yiuf_cottage,
          uniq_grinder

Skill      XL: |  1  2  3  4 |
---------------+-------------+-----
Unarmed Combat | 2 3 5 |  5.9
Fighting       | |  2.0
Throwing       | |  0.8
Armour         | |  0.8
Dodging        | |  1.7
Spellcasting   | |  2.0
Translocations | |  2.6

Action                     |  1- 3 |  4- 6 || total
---------------------------+-------+-------++-------
  Melee: Unarmed           |   157 |    25 ||   182
         Punch             |     5 |       ||     5
         Kick              |       |     5 ||     5
    Use: Potion            |       |     5 ||     5
 Armour: Ring mail         |    71 |     3 ||    74
         Leather armour    |     5 |       ||     5
  Dodge: Dodged            |    99 |     4 ||   103
